 Dungeon Crawl Stone Soup version 0.31-a0-851-g7ff8af7976 (webtiles) character file.

Game seed: 17510604328157236589

331 Flugkiller the Ruffian (level 6, -4/38 HPs)
             Began as an Octopode Shapeshifter on Oct 6, 2023.
             Slain by an orc
             ... wielding a +0 trident
              (7 damage)
             ... on level 4 of the Dungeon.
             The game lasted 00:01:33 (2503 turns).

Flugkiller the Ruffian (Octopode Shapeshifter)      Turns: 2503, Time: 00:01:33

Health: -4/38      AC:  1    Str: 14    XL:     6   Next: 52%
Magic:  0/6        EV: 13    Int: 12    God:
Gold:   213        SH:  0    Dex: 13    Spells: 5/5 levels left

rFire   . .          .
                       - Unarmed
rCold   . . .        (no shield)
rNeg    . . .        (helmet currently unavailable)
rPois   +            q - amulet of guardian spirit
rElec   .            o - ring of poison resistance
rCorr   .            (no ring)
SInv    .            (no ring)
Will    .....        (no ring)
Stlth   ++           (no ring)
HPRegen 0.26/turn    (no ring)
MPRegen 0.10/turn    (no ring)
                     (no ring)

%: guardian spirit
@: beast-form
A: beast (slay +1), almost no armour, amphibious, 8 rings, camouflage 1,
gelatinous body 1, (nimble swimmer 1), tentacles
a: Begin Untransformation


You were on level 4 of the Dungeon.
You were a hulking beast.
You visited 1 branch of the dungeon, and saw 4 of its levels.

You collected 213 gold pieces.

Inventory:

Missiles
 s - a throwing net
Jewellery
 o - a ring of poison resistance (left tentacle)
   (You found it on level 1 of the Dungeon)
 q - an amulet of guardian spirit (around mantle)
   (You found it on level 2 of the Dungeon)
Talismans
 b - a beast talisman (active)
 c - a flux talisman
Scrolls
 d - 3 scrolls of teleportation {unknown}
 h - 3 scrolls of fog {unknown}
 i - a scroll of immolation {unknown}
 j - a scroll of enchant weapon {unknown}
 k - a scroll of identify {unknown}
 n - a scroll of amnesia {unknown}
 p - a scroll of fear {unknown}
 t - a scroll of revelation {unknown}
Potions
 a - 2 potions of lignification
 e - a potion of brilliance {unknown}
 f - 2 potions of curing {unknown}
 g - a potion of degeneration {unknown}
 l - a potion of resistance {unknown}
 m - a potion of experience {unknown}
 r - a potion of haste {unknown}


   Skills:
 - Level 1.0 Fighting
 - Level 2.0 Dodging
 + Level 7.1 Unarmed Combat
 - Level 3.0 Shapeshifting


You had 5 spell levels left.
You didn't know any spells.
Your spell library contained the following spells:

 Spells                   Type           Power      Damage    Failure   Level
 Apportation              Tloc           0%         N/A       32%         1
 Necrotise                Necr           0%         1d4       32%         1
 Summon Small Mammal      Summ           0%         N/A       32%         1
 Blink                    Tloc           0%         N/A       45%         2
 Lesser Beckoning         Tloc           0%         N/A       45%         2
 Momentum Strike          Conj/Tloc      0%         3d8       45%         2
 Call Canine Familiar     Summ           0%         N/A       69%         3
 Summon Guardian Golem    Hex/Summ       0%         N/A       69%         3


Dungeon Overview and Level Annotations

Branches:
Dungeon (4/15) Zot: 21509
 Temple: D:4-7

Altars:
Ru
Vehumet

Shops:
D:1 (

Annotations:
D:2 1 runed translucent door, Crazy Yiuf


Innate Abilities, Weirdness & Mutations

You are a hulking beast.
Your limbs bulge with bestial killing power. (Slay +1)
You cannot wear most types of armour.
You are amphibious.
You can wear up to eight rings at the same time.
Your skin changes colour to match your surroundings (Stealth+).
Your rubbery body absorbs attacks. (AC +1, EV +1)
((You are camouflaged when in or above water. (Stealth+)))
You have tentacles for arms and can constrict up to eight enemies at once.


Message History

You kill the rat!
No target in view!
You open the door.
There is an open door here.
You open the door.
There is an open door here.
Found a sacrificial altar of Ru.
An orc comes into view. It is wielding a +0 hand axe.
An orc is nearby!
The orc barely misses you.
You bludgeon the orc!
You kill the orc!
No target in view!
No target in view!
No target in view!
Done exploring.
No target in view!
Done exploring.
Done exploring.
No target in view!
There is a stone staircase leading down here.
You climb downwards.
There is a stone staircase leading up here.
Unknown command.
Blork the orc comes into view.
He is wielding a +0 glaive and wearing a +2 robe of willpower.
Blork the orc shouts!
You hear a shout!
Blork the orc is nearby!
Blork the orc is nearby!
Blork the orc hits you with a +0 glaive!
You closely miss Blork the orc. You grab Blork the orc.
You squeeze Blork the orc, but do no damage.
You constrict Blork the orc.
Blork the orc begins to cast a cantrip, but forgets the words!
You bludgeon Blork the orc!
Blork the orc is moderately wounded.
You constrict Blork the orc.
Blork the orc hits you with a +0 glaive!
You tentacle-slap Blork the orc.
Blork the orc is heavily wounded.
You constrict Blork the orc.
Blork the orc screams, "I'm going to kill you!"
Blork the orc hits you with a +0 glaive!
* * * LOW HITPOINT WARNING * * *
You are too injured to fight recklessly!
You bludgeon Blork the orc!
Blork the orc is severely wounded.
You constrict Blork the orc.
Blork the orc gestures at you while chanting.
The puff of flame misses you.
You bludgeon Blork the orc!
You kill Blork the orc!
Your Unarmed Combat skill increases to level 7!
Things that are here:
a +0 glaive; a +2 robe of willpower A hobgoblin comes into view.
You see here a scroll labelled SUOH BIZOUDUX.
A hobgoblin is nearby!
You tentacle-slap the hobgoblin. Your grab misses the hobgoblin.
The hobgoblin is almost dead.
The hobgoblin hits you.
You bludgeon the hobgoblin!
You kill the hobgoblin!
You see here a hobgoblin corpse.
You start resting.
Magic restored.
h - 3 scrolls labelled SUOH BIZOUDUX (gained 1)
Things that are here:
a +0 glaive; a +2 robe of willpower An orc priest comes into view.
It is wielding a +0 hand axe.
The orc priest moves out of view.
An orc comes into view. It is wielding a +0 trident.
The orc moves out of view.
An orc comes into view. It is wielding a +0 falchion.
The orc priest shouts!
The orc shouts!
The orc hits you with a +0 trident.
The orc priest calls down the wrath of Beogh upon you.
Beogh smites you!
An orc comes into view. It is wielding a +0 mace.
You are too injured to fight recklessly!
You are too injured to fight recklessly!
The orc barely misses you. The orc attacks as it pursues you!
The orc closely misses you. The orc attacks as it pursues you!
The orc hits you from afar with a +0 trident.
The orc attacks as it pursues you!
The orc hits you from afar with a +0 trident.
* * * LOW HITPOINT WARNING * * *
The orc attacks as it pursues you!
The orc hits you from afar with a +0 trident.
* * * LOW HITPOINT WARNING * * *
Things that are here:
a +0 glaive; a +2 robe of willpower The orc attacks as it pursues you!
The orc barely misses you.
You see here a hobgoblin corpse.
The orc attacks as it pursues you! The orc barely misses you.
The orc attacks as it pursues you!
The orc hits you from afar with a +0 trident.
* * * LOW HITPOINT WARNING * * *
The orc hits you from afar with a +0 trident!
You die...

#.# #.. #.# #... ############
#.# #...
#...>..)<..###.#######...
#.....#........#.........
#.......##...............
#.....#.##.....#.........
#....(#.##..#..##.####...
####....h......##.# #...
####.......###.# #... .######
####o.......####...
.......####### #.###......##...
......o......# #†# #.####.##...
..#.......##.####o# #.#.......>.
....##.##.o.o..)..#......#.###.#
..# #. ####.######.#.#..#.# ###
. .. ...# #.#... ..#


You could see an orc.

Vanquished Creatures
  Blork the orc (D:4)
  Terence (D:2)
  Natasha (thrice) (D:2)
  8 gnolls
  2 adders (D:2)
  A worm (D:2)
  2 dart slugs
  An orc (D:3)
  2 endoplasms (D:1)
  3 giant cockroaches
  2 goblins
  10 hobgoblins
  3 jackals (D:2)
  2 quokkas
  5 ball pythons
  6 bats (D:1)
  7 frilled lizards
  4 kobolds
  4 rats
67 creatures vanquished.

Notes
Turn   | Place    | Note
-------+----------+-------------------------------------------
     0 | D:1      | Flugkiller the Octopode Shapeshifter began the quest for
                  | the Orb.
     0 | D:1      | Reached XP level 1. HP: 13/13 MP: 1/1
    73 | D:1      | Reached XP level 2. HP: 18/18 MP: 2/2
   352 | D:1      | Reached skill level 4 in Unarmed Combat
   389 | D:1      | Reached XP level 3. HP: 23/23 MP: 3/3
   551 | D:1      | Found Anur's Antique Weapon Shoppe.
   715 | D:2      | Noticed Natasha
   726 | D:2      | Killed Natasha
   727 | D:2      | Reached skill level 5 in Unarmed Combat
   727 | D:2      | Reached XP level 4. HP: 6/28 MP: 4/4
   853 | D:2      | Noticed Terence
   857 | D:2      | Found a radiant altar of Vehumet.
   862 | D:2      | Killed Terence
  1060 | D:2      | Noticed Natasha
  1069 | D:2      | Killed Natasha
  1070 | D:2      | Reached XP level 5. HP: 6/33 MP: 5/5
  1419 | D:2      | Found a runed translucent door.
  1420 | D:2      | Noticed Crazy Yiuf
  1500 | D:2      | Noticed Natasha
  1506 | D:2      | Killed Natasha
  1507 | D:2      | Reached skill level 6 in Unarmed Combat
  1992 | D:4      | Reached XP level 6. HP: 16/38 MP: 2/6
  2371 | D:3      | Found a sacrificial altar of Ru.
  2421 | D:4      | Noticed Blork the orc
  2427 | D:4      | Killed Blork the orc
  2428 | D:4      | Reached skill level 7 in Unarmed Combat
  2503 | D:4      | Slain by an orc

Illustrated notes

Levels and vault maps discovered:
D:1:      lightli_arrival_statuegarden, layout_loops_ring, serial_shops,
          nicolae_shop_real_fake_doors, serial_glass, glass_columns_a,
          glass_columns_a, skrybe_limestone_x
D:2:      layout_basic, basic_altar, uniq_natasha, uniq_terence,
          uniq_crazy_yiuf_cottage
D:3:      layout_basic, nicolae_ru_path_of_blood
D:4:      layout_loops_cross, serial_shops, shop, kennysheep_small_spiral,
          uniq_blork_the_orc

Skill      XL: |  1  2  3  4  5  6 |
---------------+-------------------+-----
Unarmed Combat | 4 5 6 7 |  7.1
Fighting       | |  1.0
Dodging        | |  2.0
Shapeshifting  | |  3.0

Action                     |  1- 3 |  4- 6 || total
---------------------------+-------+-------++-------
  Melee: Unarmed           |    56 |    84 ||   140
         Constrict         |    15 |    23 ||    38
         Tentacles         |     6 |    16 ||    22
         Punch             |     1 |     5 ||     6
   Stab: Sleeping          |    10 |       ||    10
 Armour: Skin              |    20 |    41 ||    61
  Dodge: Dodged            |    31 |    47 ||    78

Table legend: (Time is in decaauts)
 A = Elapsed time spent in this place.
 B = Non-inter-level travel time spent in this place.
 C = Inter-level travel time spent in this place.
 D = Time resting spent in this place.
 E = Time spent auto-exploring this place.
 F = Levels seen in this place.
 G = Mean time per level.
                   A        B        C        D        E       F      G
               +--------+--------+--------+--------+--------+-----+--------+
         Total |   2489 |   2437 |     52 |    505 |   1487 |   4 |  622.2 |
       Dungeon |   2489 |   2437 |     52 |    505 |   1487 |   4 |  622.2 |
               +--------+--------+--------+--------+--------+-----+--------+

Top non-repeatable levels by time:
     D:2: 1045 daAuts
     D:1: 638 daAuts
     D:4: 409 daAuts
     D:3: 396 daAuts
